 Dungeon Crawl Stone Soup version 0.21-a0-442-g848f44b (webtiles) character file.

152 KristoblXynda the Ducker (level 5, -6/27 HPs)
             Began as a Spriggan Fighter on Nov 15, 2017.
             Mangled by an orc
             ... wielding a +0 flail
              (11 damage)
             ... on level 4 of the Dungeon.
             The game lasted 00:07:30 (4266 turns).

KristoblXynda the Ducker (Spriggan Fighter)         Turns: 4266, Time: 00:07:32

Health: -6/27      AC:  2    Str: 13    XL:     5   Next: 11%
Magic:  6/6        EV: 20    Int: 10    God:
Gold:   170        SH:  7    Dex: 19    Spells: 4/4 levels left

rFire    . . .     SeeInvis +   a - +1 long sword
rCold    . . .     Gourm    .   c - +0 buckler
rNeg     . . .     Faith    .   b - +0 robe
rPois    .         Spirit   .   (helmet restricted)
rElec    .         Reflect  .   (no cloak)
rCorr    .         Harm     .   (gloves unavailable)
MR       .....                  (boots unavailable)
Stlth    ++........             (no amulet)
HPRegen  0.09/turn              i - +4 ring of dexterity
MPRegen  0.10/turn              (no ring)

@: very quick
A: unfitting armour, see invisible, herbivore 3, speed 3, slow metabolism 2
a: no special abilities


You were on level 4 of the Dungeon.
You were hungry.

You visited 1 branch of the dungeon, and saw 4 of its levels.

You collected 170 gold pieces.

Inventory:

Hand Weapons
 a - a +1 long sword (weapon)
 g - a +0 dagger
Armour
 b - a +0 robe (worn)
 c - a +0 buckler (worn)
Jewellery
 i - a +4 ring of dexterity (left hand)
Scrolls
 e - a scroll of amnesia
 k - 2 scrolls of enchant weapon
 l - a scroll of teleportation {unknown}
 n - a scroll of fog {unknown}
 p - a scroll of fear {unknown}
 q - 2 scrolls of remove curse {unknown}
 t - a scroll of blinking
 u - a scroll of random uselessness {unknown}
Potions
 d - a potion of might
 h - a potion of invisibility {unknown}
 o - a potion of resistance
 r - a potion of brilliance
 s - a potion of curing
 v - a potion of agility
Comestibles
 f - a bread ration
 j - 2 fruits
 m - 4 royal jellies


   Skills:
 - Level 2.4 Fighting
 * Level 3.7 Long Blades
 - Level 4.4 Dodging
 + Level 3.0 Shields


You had 4 spell levels left.
You didn't know any spells.

Dungeon Overview and Level Annotations

Branches:
Dungeon (4/15)
 Temple: D:4-7

Altars:


Innate Abilities, Weirdness & Mutations

You are very small and have problems with some larger weapons.
You are too small for most types of armour.
You have supernaturally acute eyesight. (SInv)
You are a herbivore.
You cover ground extremely quickly.
You need consume almost no food.


Message History

You closely miss the leopard gecko. The leopard gecko bites you. x2
You hit the leopard gecko.
The leopard gecko is severely wounded.
The leopard gecko bites you.
You barely miss the leopard gecko.
The leopard gecko is severely wounded.
The leopard gecko misses you. x2
A leopard gecko is nearby!
A leopard gecko is nearby!
You slash the leopard gecko!
You kill the leopard gecko!
The orc closely misses you.
You riposte.
You hit the orc.
The orc is heavily wounded.
You hit the orc.
The orc is almost dead.
The orc priest calls down the wrath of Beogh upon you.
Beogh smites you!
* * * LOW HITPOINT WARNING * * *
The orc hits you with a flail!
You die...

#.####..####
#.#.....#######.
.######.#.##..........
#.........o...########
...###.##o#### #.##.#
######.##o####
#.........oo.#
#####.........##@#
..............##.#
#####...................
#..........<##.#######
#.#.........##.#
#.#............#
#.#.........####
#.#........ #.#########


You could see an orc priest and 2 orcs.

Vanquished Creatures
  5 adders
  4 gnolls (D:2)
  A dart slug (D:1)
  5 leopard geckos
  2 orcs (D:3)
  2 giant cockroaches
  5 goblins
  4 hobgoblins
  9 jackals
  6 kobolds
  2 quokkas (D:2)
  7 bats
  5 frilled lizards
  5 rats
62 creatures vanquished.

Notes
Turn   | Place    | Note
-------+----------+-------------------------------------------
     0 | D:1      | KristoblXynda the Spriggan Fighter began the quest for the Orb.
     0 | D:1      | Reached XP level 1. HP: 11/11 MP: 2/2
    76 | D:1      | Reached XP level 2. HP: 8/16 MP: 3/3
  1331 | D:2      | Reached XP level 3. HP: 19/19 MP: 4/4
  2870 | D:2      | Reached XP level 4. HP: 15/23 MP: 5/5
  3834 | D:3      | Reached XP level 5. HP: 24/27 MP: 6/6
  4266 | D:4      | Mangled by an orc

Vault maps used:
D:1:      dpeg_arrival_prison
D:4:      temple_hall, grunt_decor_resistance

Skill      XL: |  1  2  3  4 |
---------------+-------------+-----
Long Blades    | 2 3 |  3.7
Shields        | 3 |  3.0
Fighting       | |  2.4
Dodging        | |  4.4

Action                   |  1- 3 |  4- 6 || total
-------------------------+-------+-------++-------
Melee: Long sword        |    24 |    74 ||    98
       Dagger            |   245 |       ||   245
  Use: Scroll            |     5 |     1 ||     6
       Potion            |       |     4 ||     4
 Stab: Sleeping          |     2 |     2 ||     4
  Eat: Fruit             |       |     1 ||     1
Armor: Robe              |    19 |     1 ||    20
Dodge: Dodged            |   191 |    53 ||   244
Block: Buckler           |    70 |    25 ||    95
       Rpst.: Long sword |     8 |    19 ||    27

Table legend:
 A = Spawn XP
 B = Non-spawn XP
 C = Spawn XP percentage of total XP
 D = Spawn monster count
 E = Non-spawn monster count
 F = Spawn count percentage of total count
 G = Total turns spent on level
                    A         B        C        D         E        F      G
               +---------+---------+-------+---------+---------+-------+---------
         Total |       0 |     218 |   0.0 |       0 |      62 |   0.0 |  4266
               +---------+---------+-------+---------+---------+-------+---------
           D:1 |       0 |      40 |   0.0 |       0 |      21 |   0.0 |  1813
           D:2 |       0 |     132 |   0.0 |       0 |      23 |   0.0 |  1784
           D:3 |       0 |      37 |   0.0 |       0 |      14 |   0.0 |   541
           D:4 |       0 |       9 |   0.0 |       0 |       4 |   0.0 |   128
               +---------+---------+-------+---------+---------+-------+---------
